 Dungeon Crawl Stone Soup version bcrawl-1.21.3-1-g0d72ed7573 (webtiles) character file.

Game seed: 18177084571471465452

752 MisterOstroum the Stinger (level 7, -5/57 HPs)
             Began as an Oni Ice Elementalist on Apr 11, 2020.
             Was a Follower of Nemelex Xobeh.
             Slain by a hippogriff (7 damage)
             ... on level 6 of the Dungeon.
             The game lasted 00:10:35 (5752 turns).

MisterOstroum the Stinger (Oni Ice Elementalist)    Turns: 5752, Time: 00:10:35

Health: -5/57      AC:  4    Str:  8    XL:     7   Next: 78%
Magic:  2/15       EV: 11    Int: 18    God:    Nemelex Xobeh [*.....]
Gold:   155        SH:  0    Dex: 14    Spells: 9/14 levels left

rFire    . . .     SeeInvis .   E - +6 trident of Tender Mercy {pierce, rPois Str-4 Dex+3}
rCold    . . .     Gourm    .   (no shield)
rNeg     . . .     Faith    .   w - +0 leather armour
rPois    +         Spirit   .   (helmet restricted)
rElec    .         Reflect  .   (no cloak)
rCorr    .         Harm     .   (no gloves)
MR       .....                  d - +0 pair of boots
Stlth    ++........             (no amulet)
HPRegen  0.19/turn              (no ring)
MPRegen  0.14/turn              (no ring)

@: no status effects
A: oni magic, claws 1, fangs 1, horns 1
a: Draw Escape, Draw Destruction, Draw Summoning, Renounce Religion


You were on level 6 of the Dungeon.
You worshipped Nemelex Xobeh.
Nemelex Xobeh was aware of your devotion.
You were hungry.

You visited 1 branch of the dungeon, and saw 6 of its levels.

You collected 237 gold pieces.
You spent 82 gold pieces at shops.

Inventory:

Hand Weapons
 b - a +0 short sword
 r - a +0 hunting sling
 v - a +0 dagger
 E - the +6 trident of Tender Mercy (weapon) {pierce, rPois Str-4 Dex+3}
   (You found it on level 7 of the Dungeon)

   It inflicts extra damage upon your enemies.
   It affects your strength (-4).
   It affects your dexterity (+3).
   It protects you from poison.
Missiles
 f - 274 sling bullets
 g - 1349 stones (quivered)
 l - 453 bolts
 p - 291 arrows
 s - 87 tomahawks
 y - a throwing net {!f!f}
Armour
 a - a +0 animal skin
 d - a +0 pair of boots (worn)
 w - a +0 leather armour (worn)
Wands
 c - a wand of iceblast (1)
 D - a wand of acid (10)
Scrolls
 h - 2 scrolls of enchant armour {unknown}
 i - 2 scrolls of magic mapping {unknown}
 k - 5 scrolls of teleportation {@r3 !r}
 z - a scroll of remove curse {unknown}
 A - a scroll of amnesia {unknown}
 B - a scroll of identify {unknown}
 C - a scroll of blinking {@r4}
Potions
 j - 2 potions of flight
 m - a potion of brilliance
 n - 2 potions of heal wounds
 o - a potion of cancellation {unknown}
 q - a potion of curing {@q1 !q}
 t - a potion of agility {unknown}
 u - a potion of lignification {unknown}
 x - a potion of haste {unknown}
Comestibles
 e - 7 rations {!d}


   Skills:
 * Level 3.5 Fighting
 - Level 1.2 Short Blades
 * Level 0.0 Polearms
 - Level 1.7 Dodging
 - Level 3.4 Stealth
 + Level 4.0 Spellcasting
   Level 4.0 Conjurations
   Level 4.0 Hexes
   Level 4.0 Charms
   Level 4.0 Summonings
   Level 4.0 Necromancy
   Level 4.0 Translocations
   Level 4.0 Transmutations
   Level 4.0 Fire Magic
   Level 4.0 Ice Magic
   Level 4.0 Air Magic
   Level 4.0 Earth Magic
   Level 4.0 Poison Magic
 + Level 3.5 Invocations


You had 9 spell levels left.
You knew the following spells:

 Your Spells              Type           Power        Failure   Level  Hunger
a - Freeze                Ice            ###...       3%          1    None
b - Ensorcelled Hibernat  Hex/Ice        ###...       6%          2    ##.....
c - Throw Frost           Conj/Ice       ###...       2%          2    ##.....

Your spell library contained the following spells:

 Spells                   Type           Power        Failure   Level  Hunger
 Summon Small Mammal      Summ           ###.         3%          1    None
 Passwall                 Tmut/Erth      ###.....     6%          2    ##.....
 Ozocubu's Armour         Chrm/Ice       ###.....     12%         3    ###....
 Summon Ice Beast         Ice/Summ       ###.....     36%         4    ####...
 Throw Icicle             Conj/Ice       ###.....     36%         4    ####...


Dungeon Overview and Level Annotations

Branches:
Dungeon (7/12)
 Temple: D:4-7         Lair: D:7-9

Altars:
Fedhas
Lugonu
Nemelex Xobeh
Ru
Trog

Shops:
D:7 ?


Innate Abilities, Weirdness & Mutations

You learn spells by gaining experience, not through books or religion.
You only train spellcasting to practice magic.
You have sharp fingernails.
You have very sharp teeth.
You have a pair of small horns on your head.


Message History

The hippogriff pecks you but does no damage.
The hippogriff barely misses you.
Casting: Throw Frost (safe; 2% risk of failure)
Confirm with . or Enter, or press ? or * to list all spells.
Aiming: Freeze (safe; 3% risk of failure)
Press: ? - help, Shift-Dir - straight line, f/p - hippogriff
Aim: a hippogriff (moderately wounded)
You freeze the hippogriff.
The hippogriff is moderately wounded.
The hippogriff bites you!
The hippogriff pecks you but does no damage.
The hippogriff claws you.
Casting: Freeze (safe; 3% risk of failure)
Confirm with . or Enter, or press ? or * to list all spells.
Aiming: Freeze (safe; 3% risk of failure)
Press: ? - help, Shift-Dir - straight line, f/p - hippogriff
Aim: a hippogriff (moderately wounded)
You freeze the hippogriff.
The hippogriff is moderately wounded.
The hippogriff barely misses you. The hippogriff pecks you!
The hippogriff misses you.
Casting: Freeze (safe; 3% risk of failure)
Confirm with . or Enter, or press ? or * to list all spells.
Aiming: Freeze (safe; 3% risk of failure)
Press: ? - help, Shift-Dir - straight line, f/p - hippogriff
Aim: a hippogriff (moderately wounded)
You freeze the hippogriff.
The hippogriff is heavily wounded.
The hippogriff bites you. The hippogriff pecks you.
The hippogriff barely misses you.
Casting: Freeze (safe; 3% risk of failure)
Confirm with . or Enter, or press ? or * to list all spells.
Aiming: Freeze (safe; 3% risk of failure)
Press: ? - help, Shift-Dir - straight line, f/p - hippogriff
Aim: a hippogriff (heavily wounded)
You freeze the hippogriff.
The hippogriff is heavily wounded.
The hippogriff bites you. The hippogriff misses you. The hippogriff claws you.
Unknown command.
You draw a card...
You have drawn the Storm.
A fierce wind blows from the card.
The hippogriff is blown away by the wind.
You hear mighty peals of thunder!
You hear a shout!
Casting: Freeze (safe; 3% risk of failure)
Confirm with . or Enter, or press ? or * to list all spells.
Aiming: Throw Frost (safe; 2% risk of failure)
Press: ? - help, Shift-Dir - straight line, f/p - hippogriff
Aim: a hippogriff (heavily wounded)
The puff of frost hits the hippogriff but does no damage.
The hippogriff is heavily wounded.
Casting: Throw Frost (safe; 2% risk of failure)
Confirm with . or Enter, or press ? or * to list all spells.
Aiming: Throw Frost (safe; 2% risk of failure)
Press: ? - help, Shift-Dir - straight line, f/p - hippogriff
Aim: a hippogriff (heavily wounded)
The puff of frost hits the hippogriff.
The hippogriff is heavily wounded.
You hear a distant blaring wail to the northwest.
Casting: Throw Frost (safe; 2% risk of failure)
Confirm with . or Enter, or press ? or * to list all spells.
Aiming: Freeze (safe; 3% risk of failure)
Press: ? - help, Shift-Dir - straight line, f/p - hippogriff
Aim: a hippogriff (heavily wounded)
You freeze the hippogriff.
The hippogriff is severely wounded.
The hippogriff misses you. The hippogriff closely misses you.
The hippogriff claws you.
Casting: Freeze (safe; 3% risk of failure)
Confirm with . or Enter, or press ? or * to list all spells.
Aiming: Freeze (safe; 3% risk of failure)
Press: ? - help, Shift-Dir - straight line, f/p - hippogriff
Aim: a hippogriff (severely wounded)
You freeze the hippogriff.
The hippogriff is severely wounded.
The hippogriff barely misses you. The hippogriff closely misses you.
The hippogriff claws you.
Casting: Freeze (safe; 3% risk of failure)
Confirm with . or Enter, or press ? or * to list all spells.
Aiming: Freeze (safe; 3% risk of failure)
Press: ? - help, Shift-Dir - straight line, f/p - hippogriff
Aim: a hippogriff (severely wounded)
You freeze the hippogriff.
The hippogriff is severely wounded.
The hippogriff bites you.
* * * LOW HITPOINT WARNING * * *
The hippogriff pecks you.
* * * LOW HITPOINT WARNING * * *
The hippogriff closely misses you.
Casting: Freeze (safe; 3% risk of failure)
Confirm with . or Enter, or press ? or * to list all spells.
Aiming: Freeze (safe; 3% risk of failure)
Press: ? - help, Shift-Dir - straight line, f/p - hippogriff
Aim: a hippogriff (severely wounded)
You freeze the hippogriff.
The hippogriff is almost dead.
The hippogriff bites you!
* * * LOW HITPOINT WARNING * * *
The hippogriff pecks you!
You die...
Your body disappears without a glow.

#.#
#.####.#
#.# #.#
#>#######
#.#
#.......#
#.#
#######.#
#.#
........#
#.#
######..#
#.#
#..####H#
#......@#
##......#
########


You could see a hippogriff.

Vanquished Creatures
  3 sky beasts
  A scorpion (D:4)
  3 killer bees (D:7)
  A hound (D:3)
  2 orc wizards (D:3)
  A worker ant (D:4)
  A howler monkey zombie (D:7)
  8 adders
  2 oozes
  5 worms
  4 dart slugs
  A leopard gecko (D:1)
  8 orcs
  6 bats
  3 giant cockroaches
  3 goblins
  11 hobgoblins
  2 jackals
  3 quokkas
  2 frilled lizards
  13 kobolds
  6 rats
89 creatures vanquished.

Notes
Turn   | Place    | Note
-------+----------+-------------------------------------------
     0 | D:1      | MisterOstroum the Oni Ice Elementalist began the quest for
                  | the Orb.
     0 | D:1      | Reached XP level 1. HP: 14/14 MP: 4/4
   157 | D:1      | Reached skill level 1 in Fighting
   157 | D:1      | Reached XP level 2. HP: 23/23 MP: 0/6
   488 | D:1      | Reached skill level 2 in Spellcasting
   631 | D:1      | Reached XP level 3. HP: 18/28 MP: 4/8
   793 | D:1      | Learned a level 2 spell: Throw Frost
  1321 | D:2      | Found a corrupted altar of Lugonu.
  1619 | D:2      | Reached XP level 4. HP: 35/35 MP: 6/9
  1678 | D:2      | Found a sparkling altar of Nemelex Xobeh.
  1846 | D:2      | Became a worshipper of Nemelex Xobeh the Trickster
  1939 | D:2      | Found a sacrificial altar of Ru.
  1940 | D:2      | Received a gift from Nemelex Xobeh
  1975 | D:2      | Found a blossoming altar of Fedhas.
  3187 | D:3      | Reached skill level 1 in Invocations
  3187 | D:3      | Reached XP level 5. HP: 29/41 MP: 0/11
  3365 | D:3      | Reached skill level 3 in Spellcasting
  3409 | D:2      | Learned a level 2 spell: Ensorcelled Hibernation
  3751 | D:3      | Reached XP level 6. HP: 49/50 MP: 8/12
  3925 | D:3      | Noticed a sky beast
  3940 | D:3      | Killed a sky beast
  4115 | D:3      | Found a bloodstained altar of Trog.
  4194 | D:4      | Noticed a sky beast
  4224 | D:4      | Killed a sky beast
  4253 | D:4      | Reached XP level 7. HP: 33/57 MP: 0/14
  4856 | D:4      | You are sucked into a shaft and drop 3 floors!
  5019 | D:7      | Found Kesinurph's Magic Scroll Emporium.
  5027 | D:7      | Bought a scroll of blinking for 82 gold pieces
  5078 | D:7      | Reached * piety under Nemelex Xobeh
  5294 | D:7      | Reached skill level 1 in Short Blades
  5399 | D:7      | Reached skill level 4 in Spellcasting
  5518 | D:7      | Received a gift from Nemelex Xobeh
  5619 | D:7      | Got a crystal trident
  5621 | D:7      | Noticed a two-headed ogre
  5624 | D:7      | Identified the +6 trident of Tender Mercy {pierce, rPois
                  | Str-4 Dex+3} (You found it on level 7 of the Dungeon)
  5722 | D:6      | Noticed a hippogriff
  5752 | D:6      | HP: 2/57 [hippogriff (11)]
  5752 | D:6      | Slain by a hippogriff

Skill      XL: |  1  2  3  4  5  6  7 |
---------------+----------------------+-----
Fighting       | 1 2 3 |  3.5
Spellcasting   | 2 3 4 |  4.0
Stealth        | 2 3 |  3.4
Invocations    | 1 2 3 |  3.5
Short Blades   | 1 |  1.2
Dodging        | |  1.7
Conjurations   | |  4.0
Hexes          | |  4.0
Charms         | |  4.0
Summonings     | |  4.0
Necromancy     | |  4.0
Translocations | |  4.0
Transmutations | |  4.0
Fire Magic     | |  4.0
Ice Magic      | |  4.0
Air Magic      | |  4.0
Earth Magic    | |  4.0
Poison Magic   | |  4.0

Action                   |  1- 3 |  4- 6 |  7- 9 || total
-------------------------+-------+-------+-------++-------
Melee: Unarmed           |     2 |       |       ||     2
       Short sword       |    19 |    20 |       ||    39
       Headbutt          |     2 |     7 |     2 ||    11
       Bite              |     3 |     3 |       ||     6
       Dagger            |       |    31 |    10 ||    41
       Trident           |       |       |     8 ||     8
Throw: Stone             |     3 |     7 |     1 ||    11
 Cast: Freeze            |    38 |    70 |    30 ||   138
       Throw Frost       |    19 |    35 |    17 ||    71
       Ensorcelled Hiber |       |     1 |     2 ||     3
 Abil: Draw Destruction  |       |       |     3 ||     3
       Draw Escape       |       |       |     1 ||     1
  Use: Potion            |       |       |     4 ||     4
       Scroll            |       |       |     1 ||     1
 Stab: Sleeping          |       |     2 |     4 ||     6
  Eat: Chunk             |     4 |    10 |     1 ||    15
       Ration            |       |       |     1 ||     1
Armor: Animal skin       |    22 |     4 |       ||    26
       Leather armour    |       |    18 |     9 ||    27
Dodge: Dodged            |    40 |    62 |    32 ||   134
